Map: Cerulean Fall LE

Players

MaSa - Winner!

  • Race: Terran Terran
  • League: Master
  • Spawn Location: 7:00

Patience

  • Race: Protoss Protoss
  • Spawn Location: 1:00

Event: IEM Season 13 - Katowice Server Qualifiers America

VOD

Have the link to the VOD?

Description

Time

  • Played on: Jan. 6, 2019, 5:18 p.m.
  • Length: 13:06

All games in this series

Show
View Real Time Build Order
Export as new Build Order

MaSa Terran - Winner!

Build Orders:  

Get SALT Encoding   

  12  0:00  SCV  
  13  0:12  SCV  
  14  0:17  Supply Depot  
  14  0:25  SCV  
  15  0:38  SCV  
  15  0:40  Barracks  
  16  0:43  Refinery  
  16  0:50  SCV  
  17  1:03  SCV  
  18  1:15  SCV  
  19  1:27  Marine, Orbital Command  
  20  1:46  Command Center, Barracks Reactor  
  20  1:53  SCV  
  21  1:59  Supply Depot  
  21  2:05  SCV  
  22  2:17  SCV  
  22  2:22  Marine, Reaper  
  25  2:28  Command Center  
  25  2:32  SCV  
  26  2:37  Barracks  
  26  2:40  Marine  
  26  2:51  SCV  
  26  2:54  Marine  
  26  2:58  Marine  
  27  3:04  SCV  
  28  3:05  Orbital Command  
  28  3:10  Engineering Bay  
  28  3:13  Marine  
  28  3:17  SCV  
  29  3:25  Marine  
  29  3:26  Barracks Tech Lab, Bunker  
  30  3:29  SCV  
  30  3:31  SCV  
  32  3:34  Marine  
  32  3:37  Missile Turret  
  32  3:40  Terran Infantry Weapons Level 1  
  33  3:44  Marine  
  33  3:45  Marine  
  33  3:48  SCV  
  36  3:50  SCV  
  36  3:59  SCV  
  36  4:01  Stimpack  
  37  4:04  Marine x2  
  37  4:08  SCV  
  40  4:10  Barracks  
  40  4:11  SCV  
  40  4:15  Orbital Command  
  41  4:17  Marine  
  41  4:20  SCV  
  41  4:23  Refinery  
  43  4:25  SCV  
  43  4:26  Marine  
  43  4:27  Marine  
  46  4:33  SCV  
  46  4:35  Marine, Missile Turret  
  46  4:37  SCV  
  49  4:40  SCV  
  49  4:43  Marine  
  49  4:45  Marine, SCV  
  52  4:49  SCV  
  53  4:53  Marine, SCV  
  53  4:56  Factory  
  53  4:57  SCV  
  56  5:00  Supply Depot  
  56  5:01  Marine, SCV  
  56  5:02  Barracks Reactor  
  56  5:05  SCV  
  59  5:09  SCV, Supply Depot  
  59  5:10  Marine  
  59  5:11  Refinery  
  61  5:21  Marine x2, SCV x3  
  61  5:28  Marine  
  66  5:30  Barracks  
  66  5:32  Supply Depot  
  66  5:33  Supply Depot  
  66  5:34  SCV x2  
  66  5:35  Barracks  
  69  5:36  SCV  
  69  5:37  Terran Infantry Armor Level 1  
  69  5:39  Marine  
  69  5:41  Marine x3  
  74  5:46  Marine, SCV  
  74  5:47  SCV  
  72  5:53  SCV, Bunker  
  66  5:57  Marine, Factory Reactor  
  66  5:58  Marine, SCV  
  66  5:59  Marine  
  66  6:00  Starport  
  66  6:01  Marine  
  66  6:02  Combat Shield  
  71  6:04  SCV  
  71  6:05  SCV  
  71  6:10  SCV  
  74  6:16  Marine x3, SCV  
  74  6:17  SCV  
  63  6:20  Marine  
  63  6:21  Marine x2  
  63  6:22  SCV  
  63  6:24  Marine  
  58  6:28  SCV  
  58  6:29  SCV  
  57  6:34  Marine x3, SCV  
  57  6:38  Marine x2  
  57  6:39  Marine  
  64  6:40  Widow Mine, SCV  
  64  6:42  Marine  
  64  6:45  SCV  
  63  6:52  Marine x3, Medivac  
  65  6:55  SCV  
  65  6:56  Marine, SCV  
  65  6:57  Marine, SCV  
  70  7:08  SCV x2  
  71  7:09  SCV  
  71  7:10  Marine x3  
  71  7:12  Barracks Tech Lab x2  
  71  7:14  Marine  
  73  7:18  Factory Reactor  
  73  7:20  SCV x2  
  73  7:21  SCV  
  76  7:23  Marine  
  76  7:27  Marine  
  78  7:30  Refinery  
  78  7:31  Engineering Bay  
  78  7:32  Medivac x2  
  78  7:33  Marine, SCV  
  78  7:34  Marine x2  
  78  7:35  Concussive Shells  
  78  7:36  Armory  
  88  7:38  Marauder  
  88  7:41  Marauder x2  
  88  7:42  SCV  
  93  7:46  SCV  
  93  7:49  Marine  
  87  7:51  Marine x2  
  87  7:52  Marine  
  87  7:57  Widow Mine, SCV  
  91  7:59  Marauder  
  91  8:02  Marine, Marauder  
  93  8:06  SCV  
  93  8:08  Marine  
  93  8:09  Marine  
  93  8:11  Marine x2  
  93  8:12  SCV  
  88  8:20  Marauder  
  88  8:21  Widow Mine  
  88  8:22  Supply Depot x2  
  88  8:23  Marine, Supply Depot  
  88  8:25  Supply Depot  
  88  8:26  Marauder  
  93  8:27  Orbital Command  
  93  8:28  Marine  
  93  8:30  Marine  
  93  8:31  Marine  
  93  8:33  Marine  
  90  8:36  SCV  
  87  8:41  Marine  
  87  8:42  Marauder, Widow Mine  
  87  8:46  Marine  
  87  8:48  Marine, SCV  
  94  8:51  SCV  
  94  8:53  SCV  
  94  8:55  Marine x2  
  97  9:00  Marauder  
  97  9:02  Marine  
  103  9:03  Marauder, SCV  
  103  9:05  SCV  
  103  9:09  Marine x2  
  108  9:12  SCV  
  108  9:13  Marine x2  
  111  9:20  Marine x2, SCV  
  114  9:24  Marine  
  114  9:27  Marine x2  
  114  9:29  Refinery x2, Supply Depot  
  117  9:31  Supply Depot  
  117  9:32  Supply Depot  
  117  9:33  Supply Depot  
  117  9:34  Terran Infantry Weapons Level 2  
  117  9:40  Marine  
  117  9:43  Supply Depot  
  117  9:44  Supply Depot  
  117  9:45  Terran Infantry Armor Level 2  
  117  9:51  Marine x5, Marauder, SCV  
  125  9:53  Widow Mine x2, SCV  
  125  9:56  SCV  
  125  9:58  Marine  
  131  10:03  SCV  
  131  10:05  SCV  
  133  10:08  Marine x4, SCV  
  133  10:09  Marauder  
  133  10:12  Marauder  
  138  10:15  SCV  
  138  10:16  Marine  
  138  10:17  SCV  
  138  10:20  SCV  
  142  10:27  Widow Mine  
  144  10:29  Command Center  
  144  10:31  Marine  
  144  10:32  Supply Depot  
  144  10:33  Marine  
  144  10:34  Marine  
  147  10:36  Marine  
  147  10:40  Marine  
  147  10:41  Marauder  
  147  10:42  Marauder  
  153  10:44  Medivac  
  153  10:45  Medivac  
  153  10:48  Marine  
  158  10:50  Marine  
  158  10:51  SCV  
  158  10:53  Widow Mine x2, SCV  
  150  10:59  Marine x3, SCV  
  150  11:02  Marauder  
  147  11:05  Marauder  
  147  11:07  SCV  
  150  11:14  Widow Mine x2, Medivac  
  150  11:15  Marine, Medivac  
  150  11:17  SCV  
  158  11:24  Marine x2, Marauder  
  155  11:28  Marine x2  
  155  11:35  SCV  
  155  11:36  Widow Mine x2  
  155  11:39  Barracks  
  153  11:41  Marine, Barracks  
  153  11:42  Marine, Marauder, Barracks  
  153  11:44  Medivac  
  153  11:45  Medivac  
  153  11:46  Orbital Command  
  156  11:50  Marine  
  156  11:51  Marine, Marauder  
  159  11:55  Barracks Reactor  
  159  11:56  SCV  
  159  11:57  Widow Mine x2  
  159  11:59  Marine  
  159  12:01  SCV  
  165  12:03  Marauder, Supply Depot  
  165  12:05  Marine  
  164  12:08  Marine x2  
  164  12:11  Ghost Academy  
  164  12:12  Marauder  
  164  12:14  Medivac  
  164  12:15  Medivac  
  169  12:17  Marine  
  169  12:22  SCV x3  
  158  12:23  Marine  
  158  12:25  Marauder  
  158  12:26  Marine x2  
  158  12:27  Marine x2  
  158  12:34  Marauder, SCV x3  
  158  12:35  Marine  
  166  12:46  SCV  
Show
View Real Time Build Order
Export as new Build Order

Patience Protoss 

Build Orders: Oracle Opening 

Get SALT Encoding   

  12  0:00  Probe  
  13  0:13  Probe  
  14  0:18  Pylon  
  14  0:24  Probe  
  15  0:32  Probe  
  15  0:38  Gateway  
  15  0:40  Probe  
  16  0:47  Assimilator  
  17  0:53  Probe  
  18  1:06  Probe  
  19  1:20  Probe  
  20  1:28  Cybernetics Core  
  22  1:33  Probe, Pylon  
  23  1:51  Probe  
  23  1:53  Assimilator  
  22  1:55  Adept  
  22  2:03  Probe  
  22  2:05  Pylon  
  25  2:14  Nexus  
  25  2:17  Probe  
  26  2:22  Adept  
  28  2:34  Stargate  
  28  2:37  Probe  
  28  2:42  Warp Gate  
  29  2:50  Adept  
  31  2:54  Probe  
  32  3:07  Probe  
  32  3:11  Oracle  
  31  3:17  Adept  
  33  3:20  Probe  
  37  3:30  Gateway  
  37  3:33  Gateway  
  37  3:36  Probe x2  
  39  3:44  Twilight Council  
  39  3:49  Probe  
  39  3:50  Probe  
  39  4:00  Resonating Glaives  
  39  4:01  Probe  
  39  4:02  Oracle, Probe  
  38  4:13  Probe  
  38  4:14  Probe  
  43  4:24  Pylon  
  43  4:25  Probe  
  43  4:26  Probe  
  45  4:35  Gateway  
  45  4:37  Probe  
  46  4:38  Probe  
  46  4:39  Gateway  
  46  4:42  Gateway  
  47  4:50  Probe x2  
  49  4:55  Assimilator  
  49  4:56  Adept x3  
  55  5:01  Assimilator  
  55  5:02  Pylon  
  55  5:17  Pylon  
  55  5:19  Adept x3  
  61  5:28  Pylon  
  61  5:30  Adept  
  61  5:33  Adept  
  65  5:37  Adept  
  63  5:53  Adept x4  
  63  5:54  Adept  
  69  5:57  Adept  
  71  6:05  Probe x2  
  71  6:09  Pylon  
  71  6:10  Pylon  
  65  6:21  Adept x4  
  65  6:22  Adept x2  
  58  6:47  Adept x4  
  58  6:48  Adept x2  
  62  7:05  Nexus  
  60  7:12  Adept x4  
  60  7:13  Adept  
  60  7:14  Adept  
  68  7:30  Adept x3  
  68  7:31  Adept  
  68  7:32  Adept  
  68  7:36  Adept  
  74  7:55  Adept x5  
  82  7:59  Adept  
  76  8:20  Adept x2  
  76  8:21  Adept x4  
  84  8:30  Blink  
  60  8:42  Adept  
  60  8:43  Adept x5  
  68  8:54  Forge  
  64  9:06  Sentry x4  
  64  9:07  Sentry x2  
  76  9:11  Oracle  
  76  9:13  Robotics Facility  
  79  9:41  Adept x3  
  79  9:42  Adept x3  
  84  10:03  Stalker x2  
  84  10:04  Stalker x4  
  90  10:31  Stalker x3  
  90  10:32  Stalker x3  
  90  10:34  Probe  
  102  10:35  Probe  
  103  10:48  Probe x2  
  103  10:49  Probe  
  104  10:52  Warp Prism  
  103  11:00  Probe x2  
  101  11:06  Sentry  
  101  11:07  Sentry x2  
  104  11:30  Sentry x2  
  104  11:31  Stalker  
  108  11:38  Observer  
  109  11:42  Pylon x2  
  107  12:04  Stalker x4  
  107  12:05  Stalker x2  
  89  12:30  Observer  
  89  12:33  Sentry x2  
  89  12:34  Stalker x2  
  89  12:35  Stalker x2  
  102  12:38  Probe x3  
  103  12:50  Probe  

Tags
 
Add a new tag
Caveats
  • Supply blocks, unpowered buildings, or Contaminate may cause inaccurate times.
  • Supply counts are checked every 10 seconds.